| TOP OF THE 1ST |
|
Hartford Yard Goats batting - Pitching for Fort Wayne TinCaps : RHP Liam Tate
|
|
Pitching: RHP Liam Tate
|
|
|
Batting: LHB Nick Martin
|
0-0: Ball 1-0: Foul Ball, location: 2F 1-1: Ground out 6-3 (Groundball, 6MS, EV 64.4 MPH)
|
|
Batting: RHB Matviy Oliynyk
|
0-0: Ball 1-0: Foul Ball, location: 2F 1-1: Ball 2-1: Foul Ball, location: 2F 2-2: Ball 3-2: Foul Ball, location: 2F 3-2: Strikes out swinging
|
|
Batting: RHB Andy Rayer
|
0-0: Swinging Strike 0-1: Ball 1-1: Called Strike 1-2: Ground out 4-3 (Groundball, 4, EV 104.4 MPH)
|
| Top of the 1st over - 0 runs, 0 hits, 0 errors, 0 left on base; Hartford 0 - Fort Wayne 0 |
| BOTTOM OF THE 1ST |
|
Fort Wayne TinCaps batting - Pitching for Hartford Yard Goats : LHP Domenic Wells
|
|
Pitching: LHP Domenic Wells
|
|
|
Batting: SHB Detlef Oursler
|
0-0: Called Strike 0-1: Ball 1-1: Ball 2-1: Ball 3-1: Ground out 2-3 (Groundball, 2R, EV 68.1 MPH)
|
|
Batting: LHB Tony Contreras
|
0-0: Ball 1-0: Ball 2-0: SINGLE (Line Drive, 5D, EV 105.0 MPH)
|
|
Batting: LHB Justin Alworth
|
0-0: Called Strike Tony Contreras is caught stealing 2nd base 2-6 0-1: Called Strike 0-2: Ball 1-2: Ball 2-2: Foul Ball, location: 2F 2-2: Ball 3-2: Fly out, F4 (Popup, 34, EV 59.4 MPH)
|
| Bottom of the 1st over - 0 runs, 1 hit, 0 errors, 0 left on base; Hartford 0 - Fort Wayne 0 |
| TOP OF THE 2ND |
|
Hartford Yard Goats batting - Pitching for Fort Wayne TinCaps : RHP Liam Tate
|
|
Batting: SHB Ken Griffey IV
|
0-0: Called Strike 0-1: Ball 1-1: DOUBLE (Flyball, 8LD, EV 105.6 MPH)
|
|
Batting: RHB T.J. Williams
|
0-0: Foul Ball, location: 2F 0-1: Ground out U3 (Groundball, 3, EV 86.2 MPH) Ken Griffey IV to third
|
|
Batting: LHB Harry Folsom
|
0-0: Foul Ball, location: 2F 0-1: TRIPLE (Groundball, 3L, EV 101.9 MPH) Ken Griffey IV scores
|
|
Batting: RHB Seisaburo Edagawa
|
0-0: Swinging Strike 0-1: Swinging Strike 0-2: SINGLE (Line Drive, 4MD, EV 105.6 MPH) Harry Folsom scores
|
|
Batting: RHB Willie Benito
|
0-0: Called Strike 0-1: Swinging Strike 0-2: Strikes out swinging
|
|
Batting: RHB Yamashita Yagi
|
0-0: Called Strike 0-1: Ball 1-1: Fly out, F8 (Flyball, 8LD, EV 83.8 MPH)
|
| Top of the 2nd over - 2 runs, 3 hits, 0 errors, 1 left on base; Hartford 2 - Fort Wayne 0 |
| BOTTOM OF THE 2ND |
|
Fort Wayne TinCaps batting - Pitching for Hartford Yard Goats : LHP Domenic Wells
|
|
Batting: RHB Dave Cordero
|
0-0: Ball 1-0: Called Strike 1-1: Called Strike 1-2: Foul Ball, location: 2F 1-2: Fly out, F8 (Flyball, 8LXD, EV 98.1 MPH)
|
|
Batting: LHB Chad Cutler
|
0-0: Ball 1-0: Ground out 2-3 (Groundball, 2R, EV 72.5 MPH)
|
|
Batting: RHB Danny Gallegos
|
0-0: Foul Ball, location: 2F 0-1: Ball 1-1: Swinging Strike 1-2: Fly out, F9 (Flyball, 89M, EV 90.6 MPH)
|
| Bottom of the 2nd over - 0 runs, 0 hits, 0 errors, 0 left on base; Hartford 2 - Fort Wayne 0 |
| TOP OF THE 3RD |
|
Hartford Yard Goats batting - Pitching for Fort Wayne TinCaps : RHP Liam Tate
|
|
Batting: LHB Nick Martin
|
0-0: Swinging Strike 0-1: Called Strike 0-2: Ball 1-2: Ball 2-2: Ball 3-2: Fly out, F7 (Flyball, 78M, EV 83.1 MPH)
|
|
Batting: RHB Matviy Oliynyk
|
0-0: Ball 1-0: Ball 2-0: Ball 3-0: Base on Balls
|
|
Batting: RHB Andy Rayer
|
0-0: Fly out, F9 (Flyball, 9LD, EV 88.8 MPH)
|
|
Batting: SHB Ken Griffey IV
|
0-0: Called Strike Matviy Oliynyk is caught stealing 2nd base 2-6
|
| Top of the 3rd over - 0 runs, 0 hits, 0 errors, 0 left on base; Hartford 2 - Fort Wayne 0 |
| BOTTOM OF THE 3RD |
|
Fort Wayne TinCaps batting - Pitching for Hartford Yard Goats : LHP Domenic Wells
|
|
Batting: RHB Marcus Dawson
|
0-0: Foul Ball, location: 2F 0-1: Ball 1-1: Called Strike 1-2: Ball 2-2: Foul Ball, location: 2F 2-2: Ball 3-2: Base on Balls
|
|
Batting: LHB Ryan Anderson
|
0-0: SINGLE (Groundball, P, EV 90.0 MPH) (infield hit) Marcus Dawson to second
|
|
Batting: RHB Ricky Trejo
|
0-0: Ball 1-0: Grounds into double play, 6-4-3 (Groundball, 6, EV 105.6 MPH) Marcus Dawson to third
|
|
Batting: SHB Detlef Oursler
|
0-0: Ball 1-0: Swinging Strike 1-1: Foul Ball, location: 2F 1-2: Foul Ball, location: 2F 1-2: Strikes out swinging
|
| Bottom of the 3rd over - 0 runs, 1 hit, 0 errors, 1 left on base; Hartford 2 - Fort Wayne 0 |
| TOP OF THE 4TH |
|
Hartford Yard Goats batting - Pitching for Fort Wayne TinCaps : RHP Liam Tate
|
|
Batting: SHB Ken Griffey IV
|
0-0: Called Strike 0-1: Ball 1-1: Foul Ball, location: 2F 1-2: Foul Ball, location: 2F 1-2: Foul Ball, location: 2F 1-2: Ball 2-2: Ball 3-2: Foul Ball, location: 2F 3-2: Foul Ball, location: 2F 3-2: DOUBLE (Groundball, 5L, EV 105.0 MPH)
|
|
Batting: RHB T.J. Williams
|
0-0: Called Strike 0-1: Ball 1-1: Ball 2-1: DOUBLE (Groundball, 3L, EV 103.1 MPH) Ken Griffey IV scores
|
|
Batting: LHB Harry Folsom
|
0-0: Ground out U3 (Groundball, 34, EV 84.4 MPH) T.J. Williams to third
|
|
Batting: RHB Seisaburo Edagawa
|
0-0: Ball 1-0: Foul Ball, location: 2F 1-1: Swinging Strike 1-2: Strikes out swinging
|
|
Batting: RHB Willie Benito
|
0-0: Called Strike 0-1: Fly out, F9 (Flyball, 9, EV 87.5 MPH)
|
| Top of the 4th over - 1 run, 2 hits, 0 errors, 1 left on base; Hartford 3 - Fort Wayne 0 |
| BOTTOM OF THE 4TH |
|
Fort Wayne TinCaps batting - Pitching for Hartford Yard Goats : LHP Domenic Wells
|
|
Batting: LHB Tony Contreras
|
0-0: Ball 1-0: Called Strike 1-1: Foul Ball, location: 2F 1-2: Strikes out swinging
|
|
Batting: LHB Justin Alworth
|
0-0: Called Strike 0-1: Foul Ball, location: 2F 0-2: Hit by Pitch
|
|
Batting: RHB Dave Cordero
|
0-0: Ball 1-0: Foul Ball, location: 2F 1-1: Ball 2-1: SINGLE (Groundball, 56S, EV 69.4 MPH) (infield hit) Justin Alworth to second
|
|
Batting: LHB Chad Cutler
|
0-0: Called Strike 0-1: Grounds into double play, 6-4-3 (Groundball, 6, EV 82.5 MPH)
|
| Bottom of the 4th over - 0 runs, 1 hit, 0 errors, 1 left on base; Hartford 3 - Fort Wayne 0 |
| TOP OF THE 5TH |
|
Hartford Yard Goats batting - Pitching for Fort Wayne TinCaps : RHP Liam Tate
|
|
Batting: RHB Yamashita Yagi
|
0-0: Ball 1-0: Ball 2-0: Foul Ball, location: 2F 2-1: Foul Ball, location: 2F 2-2: Ball 3-2: Base on Balls
|
|
Batting: LHB Nick Martin
|
0-0: Called Strike 0-1: Foul Ball, location: 2F 0-2: Ball 1-2: Fly out, F9 (Flyball, 89D, EV 108.1 MPH)
|
|
Batting: RHB Matviy Oliynyk
|
0-0: Called Strike 0-1: Foul Ball, location: 2F 0-2: Ball 1-2: Ball 2-2: Foul Ball, location: 2F 2-2: Foul Ball, location: 2F 2-2: Foul Ball, location: 2F 2-2: Fielders Choice at 2nd, 6-4 (Groundball, 6M, EV 88.1 MPH)
|
|
Batting: RHB Andy Rayer
|
0-0: Called Strike 0-1: Ground out 1-3 (Groundball, 34S, EV 75.6 MPH)
|
| Top of the 5th over - 0 runs, 0 hits, 0 errors, 1 left on base; Hartford 3 - Fort Wayne 0 |
| BOTTOM OF THE 5TH |
|
Fort Wayne TinCaps batting - Pitching for Hartford Yard Goats : LHP Domenic Wells
|
|
Batting: RHB Danny Gallegos
|
0-0: Ball 1-0: Fly out, F8 (Flyball, 8RXD, EV 89.4 MPH)
|
|
Batting: RHB Marcus Dawson
|
0-0: Called Strike 0-1: Ball 1-1: Foul Ball, location: 2F 1-2: SINGLE (Groundball, 6M, EV 110.0 MPH) (infield hit)
|
|
Batting: LHB Ryan Anderson
|
0-0: Ball 1-0: Ball 2-0: Foul Ball, location: 2F 2-1: Called Strike 2-2: Foul Ball, location: 2F 2-2: SINGLE (Groundball, 4MD, EV 94.4 MPH) Marcus Dawson to second
|
|
Batting: RHB Ricky Trejo
|
0-0: Grounds into double play, 6-4-3 (Groundball, 6, EV 96.2 MPH)
|
| Bottom of the 5th over - 0 runs, 2 hits, 0 errors, 1 left on base; Hartford 3 - Fort Wayne 0 |
| TOP OF THE 6TH |
|
Hartford Yard Goats batting - Pitching for Fort Wayne TinCaps : RHP Liam Tate
|
|
Batting: SHB Ken Griffey IV
|
0-0: Ball 1-0: Ball 2-0: Fly out, F4 (Line Drive, 34, EV 61.9 MPH)
|
|
Pitching: RHP Mike Swenson
|
|
|
Batting: RHB T.J. Williams
|
0-0: Ground out 5-3 (Groundball, 56S, EV 68.1 MPH)
|
|
Batting: LHB Harry Folsom
|
0-0: Ball 1-0: Ground out U3 (Groundball, 34S, EV 91.2 MPH)
|
| Top of the 6th over - 0 runs, 0 hits, 0 errors, 0 left on base; Hartford 3 - Fort Wayne 0 |
| BOTTOM OF THE 6TH |
|
Fort Wayne TinCaps batting - Pitching for Hartford Yard Goats : LHP Domenic Wells
|
|
Batting: SHB Detlef Oursler
|
0-0: Ball 1-0: Swinging Strike 1-1: Foul Ball, location: 2F 1-2: Ball 2-2: Strikes out swinging
|
|
Batting: LHB Tony Contreras
|
0-0: Called Strike 0-1: Ground out 3-1 (Groundball, 34S, EV 82.5 MPH)
|
|
Batting: LHB Justin Alworth
|
0-0: Foul Ball, location: 2F 0-1: Ball 1-1: Foul Ball, location: 2F 1-2: Foul Ball, location: 2F 1-2: Foul Ball, location: 2F 1-2: Ball 2-2: Ball 3-2: SINGLE (Groundball, 56, EV 106.9 MPH)
|
|
Batting: RHB Dave Cordero
|
0-0: Called Strike 0-1: Ball 1-1: SINGLE (Groundball, 6D, EV 106.2 MPH) Justin Alworth to second
|
|
Pitching: RHP Befikadu Mthuthuzeli
|
|
|
Batting: LHB Chad Cutler
|
0-0: Ball 1-0: Ball 2-0: Called Strike 2-1: Hit by Pitch Justin Alworth to third Dave Cordero to second
|
|
Pinch Hitting: LHB Sean Trueblood
|
0-0: Called Strike 0-1: Foul Ball, location: 2F 0-2: Ball 1-2: Fly out, F8 (Flyball, 8LXD, EV 86.2 MPH)
|
| Bottom of the 6th over - 0 runs, 2 hits, 0 errors, 3 left on base; Hartford 3 - Fort Wayne 0 |
| TOP OF THE 7TH |
|
Hartford Yard Goats batting - Pitching for Fort Wayne TinCaps : RHP Mike Swenson
|
|
Now in LF: Adrian Cook
|
|
|
Now in CF: Chad Cutler
|
|
|
Batting: RHB Seisaburo Edagawa
|
0-0: Swinging Strike 0-1: Foul Ball, location: 2F 0-2: Foul Ball, location: 2F 0-2: SINGLE (Groundball, 4MD, EV 97.5 MPH)
|
|
Batting: RHB Willie Benito
|
0-0: Ball Seisaburo Edagawa steals 2nd base 1-0: Called Strike 1-1: Foul Ball, location: 2F 1-2: Foul Ball, location: 2F 1-2: SINGLE (Groundball, 6D, EV 95.0 MPH) Seisaburo Edagawa to third Runner from 3rd tries for Home, SAFE, throw by LF to home
|
|
Batting: RHB Yamashita Yagi
|
0-0: Ball 1-0: Foul Ball, location: 2F 1-1: Ball 2-1: Called Strike 2-2: Strikes out swinging
|
|
Batting: LHB Nick Martin
|
0-0: Ball 1-0: Swinging Strike 1-1: Called Strike 1-2: Ball 2-2: Strikes out swinging
|
|
Batting: RHB Matviy Oliynyk
|
0-0: Called Strike 0-1: Swinging Strike 0-2: Ball 1-2: Fielders Choice at 2nd, 6-4 (Groundball, 6, EV 83.1 MPH)
|
| Top of the 7th over - 1 run, 2 hits, 0 errors, 1 left on base; Hartford 4 - Fort Wayne 0 |
| BOTTOM OF THE 7TH |
|
Fort Wayne TinCaps batting - Pitching for Hartford Yard Goats : RHP Befikadu Mthuthuzeli
|
|
Batting: RHB Marcus Dawson
|
0-0: Ball 1-0: Foul Ball, location: 2F 1-1: Swinging Strike 1-2: Ball 2-2: Ball 3-2: Strikes out swinging
|
|
Batting: LHB Ryan Anderson
|
0-0: Called Strike 0-1: Foul Ball, location: 2F 0-2: Ball 1-2: Strikes out looking
|
|
Pinch Hitting: SHB Cesar Arteaga
|
0-0: Called Strike 0-1: Ground out 4-3 (Groundball, 4, EV 85.0 MPH)
|
| Bottom of the 7th over - 0 runs, 0 hits, 0 errors, 0 left on base; Hartford 4 - Fort Wayne 0 |
| TOP OF THE 8TH |
|
Hartford Yard Goats batting - Pitching for Fort Wayne TinCaps : RHP Mike Swenson
|
|
Pitching: RHP Jaylen Johnson
|
|
|
Now at 1B: Dave Cordero
|
|
|
Now at 2B: Cesar Arteaga
|
|
|
Now at 3B: Marcus Dawson
|
|
|
Batting: RHB Andy Rayer
|
0-0: DOUBLE (Line Drive, 9LD, EV 114.4 MPH)
|
|
Batting: SHB Ken Griffey IV
|
0-0: Fly out, F9 (Line Drive, 9, EV 91.9 MPH)
|
|
Batting: RHB T.J. Williams
|
0-0: Foul Ball, location: 2F 0-1: Ground out U3 (Groundball, 3, EV 79.4 MPH) Andy Rayer to third
|
|
Batting: LHB Harry Folsom
|
0-0: Ball 1-0: Ball 2-0: Ball 3-0: Base on Balls
|
|
Batting: RHB Seisaburo Edagawa
|
0-0: Ball 1-0: Called Strike 1-1: Ball 2-1: Foul Ball, location: 2F 2-2: Strikes out swinging
|
| Top of the 8th over - 0 runs, 1 hit, 0 errors, 2 left on base; Hartford 4 - Fort Wayne 0 |
| BOTTOM OF THE 8TH |
|
Fort Wayne TinCaps batting - Pitching for Hartford Yard Goats : RHP Befikadu Mthuthuzeli
|
|
Pitching: RHP Bobby Servin
|
|
|
Batting: SHB Detlef Oursler
|
0-0: Called Strike 0-1: Swinging Strike 0-2: Ball 1-2: Ball 2-2: Foul Ball, location: 2F 2-2: Foul Ball, location: 2F 2-2: Foul Ball, location: 2F 2-2: Ball 3-2: Foul Ball, location: 2F 3-2: Base on Balls
|
|
Batting: LHB Tony Contreras
|
0-0: Called Strike 0-1: Ball 1-1: Swinging Strike 1-2: Ball 2-2: SINGLE (Groundball, 15S, EV 61.9 MPH) (infield hit) Detlef Oursler to second
|
|
Batting: LHB Justin Alworth
|
0-0: Fly out, F8 (Flyball, 8RM, EV 86.9 MPH)
|
|
Batting: RHB Dave Cordero
|
0-0: Ball 1-0: Ball 2-0: Foul Ball, location: 2F 2-1: Fly out, F7 (Flyball, 7D, EV 89.4 MPH) Runner from 2nd tags up, SAFE at 3rd, no throw by LF
|
|
Batting: LHB Chad Cutler
|
0-0: Called Strike 0-1: Fielders Choice at 2nd, 6-4 (Groundball, 6D, EV 88.8 MPH)
|
| Bottom of the 8th over - 0 runs, 1 hit, 0 errors, 2 left on base; Hartford 4 - Fort Wayne 0 |
| TOP OF THE 9TH |
|
Hartford Yard Goats batting - Pitching for Fort Wayne TinCaps : RHP Jaylen Johnson
|
|
Batting: RHB Willie Benito
|
0-0: Ball 1-0: Ball 2-0: Foul Ball, location: 2F 2-1: Ball 3-1: Base on Balls
|
|
Batting: RHB Yamashita Yagi
|
0-0: Ball 1-0: Grounds into double play, 6-4-3 (Groundball, 56D, EV 96.9 MPH)
|
|
Batting: LHB Nick Martin
|
0-0: Called Strike 0-1: Foul Ball, location: 2F 0-2: Fly out, F4 (Line Drive, 4, EV 68.8 MPH)
|
| Top of the 9th over - 0 runs, 0 hits, 0 errors, 0 left on base; Hartford 4 - Fort Wayne 0 |
| BOTTOM OF THE 9TH |
|
Fort Wayne TinCaps batting - Pitching for Hartford Yard Goats : RHP Bobby Servin
|
|
Pitching: RHP Ryan Squire
|
|
|
Batting: RHB Adrian Cook
|
0-0: SINGLE (Line Drive, 8LS, EV 108.1 MPH)
|
|
Batting: RHB Marcus Dawson
|
0-0: Ball 1-0: Ball 2-0: Ball 3-0: Called Strike 3-1: Swinging Strike 3-2: Foul Ball, location: 2F 3-2: Foul Ball, location: 2F 3-2: Foul Ball, location: 2F 3-2: Foul Ball, location: 2F 3-2: Foul Ball, location: 2F 3-2: Base on Balls Adrian Cook to second
|
|
Pitching: RHP Travis Palmisano
|
|
|
Batting: LHB Ryan Anderson
|
0-0: Foul Ball, location: 2F 0-1: Ball 1-1: Swinging Strike 1-2: Fly out, F8 (Flyball, 8RD, EV 90.0 MPH)
|
|
Batting: SHB Cesar Arteaga
|
0-0: Called Strike 0-1: Grounds into double play, 4-6-3 (Groundball, 4, EV 90.0 MPH)
|
| Bottom of the 9th over - 0 runs, 1 hit, 0 errors, 1 left on base; Hartford 4 - Fort Wayne 0 |
|